 Dungeon Crawl Stone Soup version 0.31-a0-236-g9a0961fb85 (webtiles) character file.

Game seed: 17105023109537273989

394 qw the Shooter (level 6, -10/38 HPs)
             Began as a Gargoyle Hexslinger on July 10, 2023.
             Mangled by an ogre
             ... wielding a +0 giant club
              (25 damage)
             ... on level 4 of the Dungeon.
             The game lasted 00:01:42 (2881 turns).

qw the Shooter (Gargoyle Hexslinger)                Turns: 2881, Time: 00:01:43

Health: -10/38     AC: 11    Str: 12    XL:     6   Next: 81%
Magic:  7/7        EV: 10    Int: 13    God:
Gold:   254        SH:  0    Dex: 14    Spells: 6/7 levels left

rFire   + . .        Y - +2 sling
rCold   . . .        (no shield)
rNeg    + + .        e - +2 ring mail {Will+}
rPois   inf          (no helmet)
rElec   +            (no cloak)
rCorr   .            (no gloves)
SInv    .            (no boots)
Will    +....        (no amulet)
Stlth   +            j - ring of positive energy
HPRegen 0.26/turn    m - ring of protection from fire
MPRegen 0.10/turn

%: no passive effects
@: no status effects
A: sickness immunity, AC +4, negative energy resistance 1, electricity
resistance, torment resistance 1, petrification resistance
a: no special abilities


You were on level 4 of the Dungeon.
You visited 1 branch of the dungeon, and saw 4 of its levels.

You collected 254 gold pieces.


Innate Abilities, Weirdness & Mutations

You are immune to sickness and miasma.
Your stone body is resilient. (AC +4)
You are immune to poison.
You resist negative energy. (rN+)
You are resistant to electric shocks. (rElec)
You are resistant to unholy torment.
You are immune to petrification.


   Skills:
 - Level 4.0 Fighting
 + Level 5.8 Ranged Weapons
 - Level 1.0 Armour
 - Level 1.5 Dodging
 - Level 1.0 Spellcasting
 - Level 2.6 Hexes


You had 6 spell levels left.
You knew the following spells:

 Your Spells              Type           Power      Damage    Failure   Level
a - Slow                  Hex            28%        N/A       22%         1

Your spell library contained the following spells:

 Spells                   Type           Power      Damage    Failure   Level
 Inner Flame              Hex/Fire       4%         N/A       73%         3
 Portal Projectile        Hex/Tloc       8%         N/A       73%         3
 Cause Fear               Hex            3%         N/A       91%         4

Inventory:

Hand Weapons
 Y - a +2 sling (weapon)
Armour
 e - a +2 ring mail of willpower (worn)
Jewellery
 c - a ring of positive energy
 i - a +6 ring of intelligence
 j - a ring of positive energy (left hand)
 m - a ring of protection from fire (right hand)
Wands
 k - a wand of digging (3)
Scrolls
 a - a scroll of identify
 g - 2 scrolls of teleportation
Potions
 b - a potion of brilliance {unknown}
 d - 2 potions of enlightenment
 f - 2 potions of curing
 h - a potion of resistance {unknown}
 l - a potion of lignification {unknown}

Dungeon Overview and Level Annotations

Branches:
Dungeon (4/15)
 Temple: D:4-7

Altars:
Ru
Zin


Message History

k - a wand of digging (3)
Things that are here:
a +0 club; a +0 ring mail
Things that are here:
a +0 hand axe; a +0 chain mail You now have 254 gold pieces (gained 13).
An ogre comes into view. It is wielding a +0 giant club.
The ogre shouts!
Enter note:
Enter note:
Enter note:
Enter note:
Enter note:
Enter note:
Enter note:
Enter note: You shoot a sling bullet.
The sling bullet hits the ogre.
The ogre is lightly wounded.
You shoot a sling bullet.
The sling bullet barely misses the ogre.
You shoot a sling bullet. The sling bullet hits the ogre.
The ogre is lightly wounded.
You shoot a sling bullet. The sling bullet hits the ogre!
The ogre is heavily wounded.
You shoot a sling bullet. The sling bullet hits the ogre!
The ogre is severely wounded.
The ogre hits you with a +0 giant club!
You shoot a sling bullet.
The sling bullet hits the ogre but does no damage.
The ogre is severely wounded.
The ogre barely misses you.
You shoot a sling bullet. The sling bullet hits the ogre.
The ogre is almost dead.
The ogre hits you with a +0 giant club!
You shoot a sling bullet.
The sling bullet hits the ogre but does no damage.
The ogre is almost dead.
The ogre hits you with a +0 giant club!!
Ouch! That really hurt!
You die...

....##.#...~....~~......#####
...#.##.#....~~...............
...............~~..............
....#.###...###~~~~~~###.......
.........###~~~~###........
.....#.#...######...####.##
.....#.##...........#####..
...#.......#.#.#...........
...#......@#.#.###.#....... ..
#......O#.........#.#...
#.......###.........#...
#.......# #.............
#.......# #.........#>..
#.......# #.........#.#.
#.......# #...........#.
#.......# #........####.
#........# ##


You could see an ogre.

Vanquished Creatures
  A phantom (D:4)
  2 orc priests (D:3)
  An iguana (D:4)
  Natasha (thrice) (D:4)
  An orc wizard (D:3)
  2 adders
  5 worms
  A dart slug (D:4)
  17 orcs
  5 endoplasms
  4 giant cockroaches
  9 goblins
  8 hobgoblins
  A jackal (D:2)
  9 kobolds
  3 quokkas
  3 ball pythons
  4 bats (D:2)
  A frilled lizard (D:2)
  4 rats (D:2)
84 creatures vanquished.

Notes
Turn   | Place    | Note
-------+----------+-------------------------------------------
     0 | D:1      | qw the Gargoyle Hexslinger began the quest for the Orb.
     0 | D:1      | Reached XP level 1. HP: 12/12 MP: 2/2
     0 | D:1      | 0 ||| qw: Version: 0.3-a-51-g015441d
     0 | D:1      | 0 ||| qw: Game counter: 4460
     0 | D:1      | 0 ||| qw: Melee chars always use a shield: true
     0 | D:1      | 0 ||| qw: God list: Okawaru
     0 | D:1      | 0 ||| qw: Allow faded altars: false
     0 | D:1      | 0 ||| qw: Do Orc after clearing Dungeon:15 true
     0 | D:1      | 0 ||| qw: Do second Lair branch before Depths: true
     0 | D:1      | 0 ||| qw: Lair rune preference: random
     0 | D:1      | 0 ||| qw: Goals: Normal
     0 | D:1      | 0 ||| PLANNING D:1-11
   405 | D:1      | 405 ||| UPGRADING to ring of positive energy.
   406 | D:1      | 406 ||| READING scroll labelled NYKHLI LOLOCOAFF.
   407 | D:1      | 407 ||| READING scroll labelled ASIUWE CIANGEAR.
   408 | D:1      | 408 ||| READING scroll labelled CYSAHIEFOCW.
   409 | D:1      | 409 ||| READING scroll labelled DOEMIBB CALEOCUHIO.
   410 | D:1      | 410 ||| READING scroll labelled MUVAVA QOTT.
   411 | D:1      | 411 ||| READING scroll labelled JIASAC SUH ECY.
   412 | D:1      | 412 ||| DRINKING 2 dark potions.
   413 | D:1      | 413 ||| DROPPING scroll of poison.
   486 | D:2      | 486 ||| STAIRDANCE
   490 | D:2      | 490 ||| STAIRDANCE
   494 | D:2      | 494 ||| STAIRDANCE
   498 | D:2      | 498 ||| STAIRDANCE
   502 | D:2      | 502 ||| STAIRDANCE
   506 | D:2      | 506 ||| STAIRDANCE
   510 | D:2      | 510 ||| STAIRDANCE
   514 | D:2      | 514 ||| STAIRDANCE
   518 | D:2      | 518 ||| STAIRDANCE
   522 | D:2      | 522 ||| STAIRDANCE
   526 | D:2      | 526 ||| STAIRDANCE
   530 | D:2      | 530 ||| STAIRDANCE
   534 | D:2      | 534 ||| STAIRDANCE
   538 | D:2      | 538 ||| STAIRDANCE
   542 | D:2      | 542 ||| STAIRDANCE
   546 | D:2      | 546 ||| STAIRDANCE
   550 | D:2      | 550 ||| STAIRDANCE
   554 | D:2      | 554 ||| STAIRDANCE
   558 | D:2      | 558 ||| STAIRDANCE
   562 | D:2      | 562 ||| STAIRDANCE
   597 | D:2      | Reached XP level 2. HP: 15/16 MP: 3/3
   642 | D:2      | Reached skill level 3 in Ranged Weapons
   744 | D:2      | Reached XP level 3. HP: 21/21 MP: 4/4
  1145 | D:2      | 1145 ||| UPGRADING to +2 ring mail of willpower.
  1155 | D:2      | 1155 ||| DROPPING +0 robe.
  1156 | D:2      | 1156 ||| READING scroll labelled OHOTENGERHA.
  1157 | D:2      | 1157 ||| DRINKING 2 white potions.
  1173 | D:3      | Reached XP level 4. HP: 26/26 MP: 5/5
  1430 | D:3      | Reached skill level 4 in Ranged Weapons
  1522 | D:3      | Reached skill level 1 in Armour
  1683 | D:3      | Reached XP level 5. HP: 18/30 MP: 6/6
  1849 | D:3      | Reached skill level 5 in Ranged Weapons
  2097 | D:3      | 2097 ||| UPGRADING to ring of positive energy.
  2098 | D:3      | 2098 ||| UPGRADING to ring of protection from fire.
  2100 | D:3      | 2100 ||| READING scroll labelled CAOKHL DUK ISEE.
  2103 | D:3      | 2103 ||| READING scroll labelled KAETTI AREM.
  2204 | D:3      | 2204 ||| DRINKING 2 grey potions.
  2205 | D:3      | 2205 ||| DROPPING potion of attraction.
  2308 | D:4      | Noticed a phantom
  2321 | D:4      | Killed a phantom
  2322 | D:4      | Reached XP level 6. HP: 30/38 MP: 7/7
  2322 | D:4      | 2322 ||| FLEEEEING.
  2323 | D:4      | 2323 ||| FLEEEEING.
  2324 | D:4      | 2324 ||| FLEEEEING.
  2325 | D:4      | 2325 ||| FLEEEEING.
  2326 | D:4      | 2326 ||| FLEEEEING.
  2327 | D:4      | 2327 ||| FLEEEEING.
  2328 | D:4      | 2328 ||| FLEEEEING.
  2329 | D:4      | 2329 ||| FLEEEEING.
  2330 | D:4      | 2330 ||| FLEEEEING.
  2331 | D:4      | 2331 ||| FLEEEEING.
  2332 | D:4      | 2332 ||| FLEEEEING.
  2368 | D:4      | Found a sacrificial altar of Ru.
  2518 | D:4      | Found a glowing silver altar of Zin.
  2566 | D:4      | Noticed Natasha
  2572 | D:4      | Killed Natasha
  2668 | D:4      | Noticed Natasha
  2672 | D:4      | Killed Natasha
  2712 | D:4      | Noticed Natasha
  2716 | D:4      | 2716 ||| FLEEEEING.
  2727 | D:4      | Killed Natasha
  2881 | D:4      | Mangled by an ogre

Levels and vault maps discovered:
D:1:      lightli_arrival_statue_moat, layout_rooms
D:2:      kennysheep_big_flooded_room, layout_rooms,
          ebering_dispersal_statue_hall, minmay_tetromino_s4
D:3:      corexii_shack_village, layout_loops_ring
D:4:      cheibrodos_helix_gallery, layout_basic,
          nicolae_overflow_crystal_walls, mainiacjoe_overflow_chevrons,
          uniq_natasha

Skill      XL: |  1  2  3  4  5 |
---------------+----------------+-----
Ranged Weapons | 3 4 5 |  5.8
Fighting       | 2 4 |  4.0
Armour         | 1 |  1.0
Dodging        | |  1.5
Spellcasting   | |  1.0
Hexes          | |  2.6

Action                     |  1- 3 |  4- 6 || total
---------------------------+-------+-------++-------
   Fire: Sling             |   137 |   269 ||   406
    Use: Scroll            |     7 |     2 ||     9
         Potion            |     2 |     1 ||     3
 Armour: Robe              |    21 |       ||    21
         Ring mail         |     2 |   127 ||   129
  Dodge: Dodged            |    29 |   108 ||   137

Table legend:
 A = Non-vault XP
 B = Vault XP
 C = Vault XP percentage of total XP
 D = Non-vault monster count
 E = Vault monster count
 F = Vault count percentage of total count
                 A         B        C        D         E       F
            +---------+---------+-------+---------+---------+-------
      Total |     486 |      77 |  13.7 |      64 |      20 |  23.8
            +---------+---------+-------+---------+---------+-------
        D:1 |       7 |       0 |   0.0 |       4 |       0 |   0.0
        D:2 |      66 |       7 |   9.6 |      25 |       4 |  13.8
        D:3 |     173 |      28 |  13.9 |      22 |      13 |  37.1
        D:4 |     240 |      42 |  14.9 |      13 |       3 |  18.8
            +---------+---------+-------+---------+---------+-------
